 Dungeon Crawl Stone Soup version 0.20.1-1-g8b1a95d (webtiles) character file.

728 Timinator the Insei (level 7, -15/52 HPs)
             Began as a Vampire Monk on Aug 30, 2017.
             Was a Believer of Makhleb.
             Demolished by an orc warrior
             ... wielding a +0 mace
              (21 damage)
             ... on level 6 of the Dungeon.
             The game lasted 01:33:29 (3425 turns).

Timinator the Insei (Vampire Monk)                  Turns: 3425, Time: 01:33:30

Health: -15/52     AC:  6    Str: 10    XL:     7   Next: 44%
Magic:  8/8        EV: 14    Int: 14    God:    Makhleb [**....]
Gold:   175        SH:  0    Dex: 17    Spells: 8/8 levels left

rFire    + . .     SeeInvis +     - Unarmed
rCold    + . .     Gourm    .   (no shield)
rNeg     . . .     Faith    .   h - +0 leather armour
rPois    +         Spirit   .   (no helmet)
rElec    +         Reflect  .   o - +0 cloak
rCorr    +         Harm     .   m - +0 pair of gloves
MR       .....                  (no boots)
Stlth    ++........             (no amulet)
Regen    0.4/turn               c - ring of resist corrosion
MPRegen  0.2/turn               (no ring)

@: resistant, regenerating quickly
A: fangs 3, thin metallic scales 1, see invisible, deformed body, unbreathing
a: Minor Destruction, Renounce Religion


You were on level 6 of the Dungeon.
You worshipped Makhleb.
Makhleb was pleased with you.
You were full.

You visited 2 branches of the dungeon, and saw 7 of its levels.

You collected 175 gold pieces.

Inventory:

Hand Weapons
 n - a +2 quarterstaff of chaos
 s - a +4 blowgun
Missiles
 k - 10 poisoned needles
 u - 2 throwing nets (quivered)
 y - 12 stones
Armour
 a - a +0 robe
 h - a +0 leather armour (worn)
 i - a +0 robe
 j - a +0 robe
 m - a +0 pair of gloves (worn)
 o - a +0 cloak (worn)
 p - a +0 ring mail
Jewellery
 c - a ring of resist corrosion (left hand)
 e - an uncursed amulet of the gourmand
 g - an uncursed ring of flight
 r - a cursed -3 ring of dexterity {unknown}
Wands
 C - a wand of confusion (21/48)
Scrolls
 d - 2 scrolls of recharging
 q - a scroll of immolation
 v - a scroll of magic mapping {unknown}
 w - 2 scrolls of identify
 A - a scroll of teleportation
Potions
 b - 8 potions of blood
 t - a potion of invisibility {unknown}
 x - 2 potions of haste
 z - a potion of lignification {unknown}
 B - a potion of ambrosia {unknown}
 D - a potion of brilliance


   Skills:
 + Level 3.3 Fighting
 + Level 2.8 Armour
 * Level 4.8 Dodging
 - Level 3.4 Stealth
 + Level 7.1 Unarmed Combat
 - Level 1.1 Spellcasting
 * Level 0.5 Invocations


You had 8 spell levels left.
You didn't know any spells.

Dungeon Overview and Level Annotations

Branches:
Dungeon (6/15)             Temple (1/1) D:4

Altars:
Dithmenos
Elyvilon
Fedhas
Gozag
Hepliaklqana
Kikubaaqudgha
Makhleb
Okawaru
Qazlal
Ru
Sif Muna
Trog
Uskayaw
Vehumet
Xom
Yredelemnul
Zin
The Shining One

Shops:
D:4 %(


Innate Abilities, Weirdness & Mutations

Your natural rate of healing is unusually fast.
You have razor-sharp teeth.
You have supernaturally acute eyesight. (SInv)
You can survive without breathing.
You are partially covered in thin metallic scales. (AC +2)
Armour fits poorly on your strangely shaped body.


Message History

You barely miss the orc warrior.
The orc warrior is moderately wounded.
The orc warrior hits you with a mace!!
* * * LOW HITPOINT WARNING * * *
You feel protected.
You feel better. The orc warrior hits you with a mace.
* * * LOW HITPOINT WARNING * * *
You hit the orc warrior but do no damage.
The orc warrior is moderately wounded.
The orc warrior misses you.
You hit the orc warrior but do no damage.
The orc warrior is moderately wounded.
The orc warrior hits you with a mace!
* * * LOW HITPOINT WARNING * * *
You closely miss the orc warrior.
The orc warrior is moderately wounded.
You barely miss the orc warrior. Your punch misses the orc warrior.
The orc warrior is moderately wounded.
The orc warrior hits you with a mace!!
You die...

### #. #.. #. #.# #. #.#
#. #.# ### #. #.#
#...#.##.#####.#
#........oo@...#
#...##..#o#############..
# ###..#.####...<......#
#....#....#.##########
#.#######...# #. #....###
.. #......# ### #.####.#
..) .#


You could see an orc warrior and 2 orcs.

Vanquished Creatures
  An ogre (D:5)
  The ghost of pedant the Caller, an amateur OgSu (D:3)
  A centaur (D:5)
  The ghost of pedant the Chucker, a weakling OgAM (D:4)
  A scorpion (D:3)
  A hound (D:5)
  Crazy Yiuf (D:2)
  An orc priest (D:5)
  2 worker ants
  An iguana (D:5)
  2 orc wizards
  A howler monkey skeleton (D:4)
  3 gnolls (D:3)
  5 adders
  An ooze (D:1)
  2 worms
  A dart slug (D:1)
  8 orcs
  9 bats
  3 giant cockroaches
  3 hobgoblins (D:1)
  5 jackals
  A quokka (D:2)
  4 frilled lizards
  7 goblins
  A jackal skeleton (D:5)
  4 kobolds
  7 rats
78 creatures vanquished.

Notes
Turn   | Place    | Note
-------+----------+-------------------------------------------
     0 | D:1      | Timinator the Vampire Monk began the quest for the Orb.
     0 | D:1      | Reached XP level 1. HP: 17/17 MP: 1/1
    85 | D:1      | Reached XP level 2. HP: 20/23 MP: 2/2
   155 | D:1      | Found a glowing golden altar of the Shining One.
   469 | D:2      | Found a runed door.
   473 | D:2      | Noticed Crazy Yiuf
   485 | D:2      | Killed Crazy Yiuf
   485 | D:2      | Reached skill level 4 in Unarmed Combat
   485 | D:2      | Reached XP level 3. HP: 18/28 MP: 3/3
   679 | D:2      | Reached XP level 4. HP: 34/35 MP: 4/4
   862 | D:3      | Reached skill level 1 in Armour
   862 | D:3      | Reached skill level 5 in Unarmed Combat
   956 | D:3      | Reached XP level 5. HP: 38/41 MP: 5/5
  1090 | D:3      | Noticed pedant's ghost (amateur OgSu)
  1174 | D:3      | Gained mutation: Armour fits poorly on your strangely shaped body. [potion of mutation]
  1174 | D:3      | Gained mutation: You are partially covered in thin metallic scales. (AC +2) [potion of mutation]
  1184 | D:3      | Killed pedant's ghost
  1293 | D:3      | Reached XP level 6. HP: 44/47 MP: 6/6
  1691 | D:4      | Found Rexyhan's Antique Weapon Shop.
  1744 | D:4      | Found a deep blue altar of Sif Muna.
  1885 | D:4      | Found Savemo's Food Emporium.
  1895 | D:4      | Reached skill level 6 in Unarmed Combat
  1997 | D:4      | Noticed pedant's ghost (weakling OgAM)
  2013 | D:4      | Killed pedant's ghost
  2224 | D:4      | Found a staircase to the Ecumenical Temple.
  2233 | Temple   | Entered the Ecumenical Temple
  2410 | Temple   | Became a worshipper of Makhleb the Destroyer
  2410 | Temple   | Reached * piety under Makhleb
  2410 | Temple   | Reached ** piety under Makhleb
  2480 | D:5      | Entered Level 5 of the Dungeon
  2480 | D:5      | Found a sacrificial altar of Ru.
  2733 | D:5      | Reached XP level 7. HP: 50/52 MP: 8/8
  2739 | D:5      | Reached skill level 1 in Spellcasting
  3085 | D:5      | Reached skill level 7 in Unarmed Combat
  3425 | D:6      | Demolished by an orc warrior

Skill      XL: |  1  2  3  4  5  6  7 |
---------------+----------------------+-----
Unarmed Combat | 4 5 6 7 |  7.1
Fighting       | 3 |  3.3
Armour         | 1 2 |  2.8
Dodging        | 4 |  4.8
Spellcasting   | 1 |  1.1
Stealth        | |  3.4
Invocations    | |  0.5

Action                   |  1- 3 |  4- 6 |  7- 9 || total
-------------------------+-------+-------+-------++-------
Melee: Unarmed           |   105 |   223 |    57 ||   385
       Bite              |    11 |    25 |     6 ||    42
       Punch             |       |     5 |     1 ||     6
Throw: Throwing net      |       |       |     1 ||     1
 Abil: End Transformatio |       |     1 |       ||     1
       Bat Form          |       |     1 |       ||     1
  Use: Scroll            |     1 |     7 |       ||     8
       Potion            |       |    12 |     6 ||    18
 Stab: Sleeping          |     2 |     2 |     2 ||     6
  Eat: Corpse            |     5 |     2 |     1 ||     8
Armor: Robe              |     3 |       |       ||     3
       Ring mail         |    21 |    35 |       ||    56
       Leather armour    |       |    13 |     5 ||    18
Dodge: Dodged            |    57 |   136 |    40 ||   233
